 Dungeon Crawl Stone Soup version 0.28-a0-1206-g193881aaa2 (webtiles) character file.

Game seed: 9773487285162722501

643 leviel the Chopper (level 7, -4/62 HPs)
             Began as a Hill Orc Fighter on Dec 20, 2021.
             Slain by Prince Ribbit (14 damage)
             ... on level 5 of the Dungeon.
             The game lasted 00:04:36 (4848 turns).

leviel the Chopper (Hill Orc Fighter)               Turns: 4848, Time: 00:04:37

Health: -4/62      AC:  8    Str: 21    XL:     7   Next: 51%
Magic:  7/7        EV:  9    Int:  8    God:
Gold:   267        SH:  5    Dex: 10    Spells: 6/6 levels left

rFire   . . .      SeeInvis .   a - +0 war axe
rCold   . . .      Faith    .   c - +0 buckler
rNeg    . . .      Spirit   .   b - +0 scale mail
rPois   .          Reflect  .   g - +0 helmet
rElec   .          Harm     .   (no cloak)
rCorr   .          Rampage  .   (no gloves)
Will    .....                   (no boots)
Stlth   ..........              (no amulet)
HPRegen 0.20/turn               (no ring)
MPRegen 0.10/turn               (no ring)

@: mighty
A: no striking features
a: no special abilities


You were on level 5 of the Dungeon.
You visited 1 branch of the dungeon, and saw 5 of its levels.

You collected 267 gold pieces.

Inventory:

Hand Weapons
 a - a +0 war axe (weapon)
Missiles
 i - 2 atropa-tipped darts (quivered)
Armour
 b - a +0 scale mail (worn)
 c - a +0 buckler (worn)
 g - a +0 helmet (worn)
Jewellery
 n - a ring of resist corrosion
Wands
 p - a wand of polymorph (9)
Scrolls
 e - 2 scrolls of identify {@r1}
 h - a scroll of immolation
 j - a scroll of enchant weapon {unknown}
 k - a scroll of vulnerability
 l - a scroll of blinking {unknown}
 o - a scroll of fear {unknown}
 q - a scroll of noise {unknown}
Potions
 f - 3 potions of degeneration


   Skills:
 + Level 5.7 Fighting
 * Level 6.6 Axes
 + Level 5.1 Armour
 + Level 5.2 Shields


You had 6 spell levels left.
You didn't know any spells.
Your spell library contained the following spells:

 Spells                   Type           Power      Damage    Failure   Level
 Animate Skeleton         Necr           0%         N/A       73%         1
 Beastly Appendage        Tmut           0%         N/A       73%         1
 Pain                     Necr           0%         1d4       73%         1
 Slow                     Hex            0%         N/A       73%         1
 Sting                    Tmut/Pois      0%         1d3       73%         1
 Ensorcelled Hibernation  Hex/Ice        0%         N/A       86%         2
 Poisonous Vapours        Pois/Air       0%         N/A       86%         2
 Wereblood                Tmut           0%         N/A       86%         2
 Confusing Touch          Hex            0%         N/A       97%         3
 Spider Form              Tmut/Pois      0%         N/A       97%         3
 Vampiric Draining        Necr           0%         2d6       97%         3
 Olgreb's Toxic Radiance  Pois           0%         N/A       100%        4


Dungeon Overview and Level Annotations

Branches:
Dungeon (5/15)
 Temple: D:4-7

Altars:
Nemelex Xobeh

Shops:
D:2 (

Annotations:
D:5 Prince Ribbit


Message History

You hit Prince Ribbit.
Prince Ribbit is moderately wounded.
Prince Ribbit hits you but does no damage.
Prince Ribbit blinks!
You slash Prince Ribbit!
Prince Ribbit is severely wounded.
Prince Ribbit lets out a mournful croak.
Prince Ribbit hits you but does no damage.
Prince Ribbit blinks!
You closely miss Prince Ribbit.
Prince Ribbit is severely wounded.
Prince Ribbit hits you.
You miss Prince Ribbit.
Prince Ribbit is severely wounded.
Prince Ribbit winks and puckers his lips.
Prince Ribbit blinks! x2
You closely miss Prince Ribbit.
Prince Ribbit is severely wounded.
Prince Ribbit blinks!
You barely miss Prince Ribbit.
Prince Ribbit is severely wounded.
Prince Ribbit blinks!
Prince Ribbit hits you but does no damage.
You barely miss Prince Ribbit.
Prince Ribbit is severely wounded.
Prince Ribbit hits you!
* * * LOW HITPOINT WARNING * * *
Prince Ribbit hits you but does no damage.
You miss Prince Ribbit.
Prince Ribbit is severely wounded.
Prince Ribbit hits you!
* * * LOW HITPOINT WARNING * * *
Prince Ribbit blinks!
You feel better.
You feel very mighty all of a sudden.
You miss Prince Ribbit.
Prince Ribbit is severely wounded.
Prince Ribbit misses you.
Prince Ribbit blinks!
Prince Ribbit hits you!
You die...

#.#.#####.## ##. #.#.....#.# ..
## #.#####.#.# #. #. #.# #.#.#
###.#### ##.
#.#####.#)#####.#..#.. ..
#.#.............##.#.# ..
####.#+####..#####.##.#.# #.
#.......# #..F..#.....#.# #.
#.##....# #...@.....###.######.
###.##....####..#.....# #.#......
[....'....+.....#..######.#.####.
######....#.....#................
###....#.#####.#######.#.#####
#.'....#...###.#### #.#.#
#.#....##.........# #.#.#
#.#######.........# #.#.## #.#
#.........####.#..####


You could see Prince Ribbit.

Vanquished Creatures
  Eustachio (D:4)
  An ice beast (D:5)
  A phantom (D:5)
  A scorpion (D:5)
  A bullfrog zombie (D:5)
  A gnoll shaman (D:3)
  Jessica (D:2)
  Terence (D:3)
  3 gnolls (D:3)
  2 adders (D:3)
  An adder skeleton (D:4)
  5 worms (D:2)
  2 dart slugs
  3 orcs (D:5)
  4 bats
  7 endoplasms
  6 giant cockroaches
  12 goblins
  9 hobgoblins
  3 jackals (D:2)
  3 quokkas
  8 ball pythons
  7 kobolds
  6 rats
  A spectral kobold (D:1)
90 creatures vanquished.

Notes
Turn   | Place    | Note
-------+----------+-------------------------------------------
     0 | D:1      | leviel the Hill Orc Fighter began the quest for the Orb.
     0 | D:1      | Reached XP level 1. HP: 19/19 MP: 1/1
   102 | D:1      | Reached skill level 3 in Axes
   102 | D:1      | Reached XP level 2. HP: 23/27 MP: 2/2
   221 | D:1      | You fall into a shaft and drop 1 floor!
   658 | D:1      | Reached XP level 3. HP: 33/33 MP: 3/3
   663 | D:1      | Found a faded altar of an unknown god.
  1318 | D:2      | Found Tehin's Weapon Shop.
  1524 | D:2      | Reached XP level 4. HP: 37/40 MP: 4/4
  1753 | D:2      | Noticed Jessica
  1763 | D:2      | Killed Jessica
  2010 | D:3      | Noticed Terence
  2021 | D:3      | Killed Terence
  2022 | D:3      | Reached skill level 4 in Axes
  2022 | D:3      | Reached XP level 5. HP: 28/47 MP: 5/5
  3112 | D:4      | Found a sparkling altar of Nemelex Xobeh.
  3193 | D:4      | Reached XP level 6. HP: 55/55 MP: 6/6
  3488 | D:4      | Noticed Eustachio
  3520 | D:4      | Killed Eustachio
  3521 | D:4      | Reached skill level 5 in Fighting
  3521 | D:4      | Reached skill level 5 in Axes
  4027 | D:5      | Entered Level 5 of the Dungeon
  4167 | D:5      | Noticed an ice beast
  4177 | D:5      | Killed an ice beast
  4178 | D:5      | Reached skill level 6 in Axes
  4178 | D:5      | Reached skill level 5 in Shields
  4178 | D:5      | Reached XP level 7. HP: 52/61 MP: 7/7
  4242 | D:5      | Reached skill level 5 in Armour
  4250 | D:5      | HP: 3/61 [poisoned by a scorpion]
  4814 | D:5      | Noticed Prince Ribbit
  4843 | D:5      | HP: 3/62 [Prince Ribbit (8)]
  4848 | D:5      | Slain by Prince Ribbit

Illustrated notes

Levels and vault maps discovered:
D:1:      tarquinn_simple_flora_water_f, layout_basic,
          dreamdust_ecumenical_altar_drowned_temple, st_stairs_7
D:2:      minmay_door_path, layout_rooms, serial_shops, nicolae_shop_waterfront,
          uniq_jessica
D:3:      kb_forest_paths, layout_basic, minmay_circle_x, uniq_terence
D:4:      layout_loops_ring, lemuel_round_altar, uniq_eustachio
D:5:      layout_basic, nicolae_yredelemnul_ghost_church,
          nicolae_sif_muna_little_library, temple_green,
          chequers_serial_rivers_room_b, uniq_menkaure, uniq_prince_ribbit1

Skill      XL: |  1  2  3  4  5  6  7 |
---------------+----------------------+-----
Axes           | 3 4 6 |  6.6
Fighting       | 4 5 |  5.7
Armour         | 4 5 |  5.1
Shields        | 4 5 |  5.2

Action                   |  1- 3 |  4- 6 |  7- 9 || total
-------------------------+-------+-------+-------++-------
Melee: War axe           |    99 |   164 |    38 ||   301
  Use: Scroll            |       |     6 |       ||     6
       Potion            |       |     2 |     2 ||     4
Armor: Scale mail        |    43 |    90 |    10 ||   143
Dodge: Dodged            |    40 |    69 |    14 ||   123
Block: Buckler           |    20 |    38 |     5 ||    63

Table legend: (Time is in decaauts)
 A = Elapsed time spent in this place.
 B = Non-inter-level travel time spent in this place.
 C = Inter-level travel time spent in this place.
 D = Time resting spent in this place.
 E = Time spent auto-exploring this place.
 F = Levels seen in this place.
 G = Mean time per level.
                   A        B        C        D        E       F      G
               +--------+--------+--------+--------+--------+-----+--------+
         Total |   4940 |   4737 |    203 |   1016 |   2999 |   5 |  988.0 |
       Dungeon |   4940 |   4737 |    203 |   1016 |   2999 |   5 |  988.0 |
               +--------+--------+--------+--------+--------+-----+--------+

Top non-repeatable levels by time:
     D:2: 1280 daAuts
     D:3: 1122 daAuts
     D:4: 963 daAuts
     D:5: 833 daAuts
     D:1: 740 daAuts
